 Dungeon Crawl Stone Soup version 0.23.2-40-g277498a001 (webtiles) character file.

Game seed: 7938649992578394301

8145 Destapler the Spear-Bearer (level 11, -4/94 HPs)
             Began as a Ghoul Gladiator on Aug 19, 2019.
             Was a Believer of Wu Jian.
             Killed by mirror damage (6 damage)
             ... on level 11 of the Dungeon on Aug 20, 2019.
             The game lasted 01:09:25 (17423 turns).

Destapler the Spear-Bearer (Ghoul Gladiator)       Turns: 17423, Time: 01:09:25

Health: -4/94      AC:  6    Str: 22    XL:     11   Next: 26%
Magic:  19/19      EV: 15    Int:  4    God:    Wu Jian [**....]
Gold:   514        SH:  5    Dex:  9    Spells: 10/10 levels left

rFire    + . .     SeeInvis .   a - +4 trident "Dragon's Foe" {pierce, rElec rF+ MR+ Str+3}
rCold    + . .     Gourm    .   H - +1 buckler
rNeg     + + +     Faith    .   b - +2 robe {MR+}
rPois    ∞         Spirit   .   l - +0 helmet
rElec    +         Reflect  .   (no cloak)
rCorr    .         Harm     .   v - +0 pair of gloves
MR       ++...                  (no boots)
Stlth    +++.......             k - amulet of the acrobat
HPRegen  0.00/turn              n - ring of magical power
MPRegen  0.16/turn              g - -3 ring of dexterity (curse)

@: rotting
A: rotting body, claws 1, carnivore, cold resistance 1, negative energy
resistance 3, inhibited regeneration, torment resistance, unbreathing
a: Wall Jump, Renounce Religion


You were on level 11 of the Dungeon.
You worshipped Wu Jian.
Wu Jian was pleased with you.
You were very hungry.

You visited 2 branches of the dungeon, and saw 12 of its levels.

You collected 514 gold pieces.

Inventory:

Hand Weapons
 a - the +4 trident "Dragon's Foe" (weapon) {pierce, rElec rF+ MR+ Str+3}
   (You found it on level 8 of the Dungeon)

   It inflicts extra damage upon your enemies.
   It affects your strength (+3).
   It protects you from fire.
   It insulates you from electricity.
   It affects your resistance to hostile enchantments.
Missiles
 c - 3 throwing nets
 e - 322 stones
 t - 23 tomahawks (quivered)
 A - 6 javelins
Armour
 b - a +2 robe of magic resistance (worn)
 l - a +0 helmet (worn)
 v - a +0 pair of gloves (worn)
 H - a +1 buckler (worn)
Jewellery
 g - a cursed -3 ring of dexterity (right hand)
 k - an amulet of the acrobat (around neck)
 n - a ring of magical power (left hand)
Wands
 y - a wand of iceblast (3)
 D - a wand of disintegration (13)
 F - a wand of digging (1)
 G - a wand of flame (13)
 J - a wand of random effects (25)
Scrolls
 f - 3 scrolls of identify
 h - 4 scrolls of blinking
 i - a scroll of fog
 j - a scroll of magic mapping
 p - 3 scrolls of teleportation
 u - 6 scrolls of remove curse
Potions
 m - a potion of lignification
 o - 2 potions of might
 q - 2 potions of brilliance
 z - a potion of curing
 B - 3 potions of flight
Comestibles
 d - 11 rations


   Skills:
 - Level 7.9 Fighting
 + Level 10.4 Polearms
 - Level 1.7 Throwing
 - Level 6.9 Dodging
 - Level 8.1 Stealth
 - Level 4.0 Shields
 - Level 3.2 Unarmed Combat


You had 10 spell levels left.
You didn't know any spells.
Your spell library was empty.

Dungeon Overview and Level Annotations

Branches:
Dungeon (11/15)            Temple (1/1) D:5            Lair (0/6) D:8
    Orc: D:9-12

Altars:
Ashenzari
Cheibriados
Dithmenos
Elyvilon
Fedhas
Gozag
Hepliaklqana
Kikubaaqudgha
Makhleb
Nemelex Xobeh
Okawaru
Qazlal
Ru
Sif Muna
Trog
Uskayaw
Vehumet
Wu Jian
Xom
Yredelemnul
Zin
The Shining One

Shops:
D:4 :

Annotations:
D:8 2 transporters, jf82's ghost, novice MiFi


Innate Abilities, Weirdness & Mutations

Your body is rotting away.
You thrive on raw meat.
You are immune to poison.
You have sharp fingernails.
You are carnivorous and can eat meat at any time.
Your flesh is cold resistant. (rC+)
You are immune to negative energy. (rN+++)
You do not regenerate when monsters are visible.
You are immune to unholy pain and torment.
You can survive without breathing.


Message History

The death knight hits you with a +0 battleaxe!!
* * * LOW HITPOINT WARNING * * *
You feel better.
The death knight offers itself to Yredelemnul, and fills with unholy energy.
You feel better.
The phantasmal warrior blinks!
The death knight closely misses you.
You impale the death knight!!
The death knight is severely wounded.
The death knight reflects your damage back at you!
* * * LOW HITPOINT WARNING * * *
You barely miss the death knight.
The death knight is severely wounded.
You block the death knight's attack.
You completely miss the death knight.
The death knight is severely wounded.
The death knight misses you.
You puncture the death knight!
The death knight is severely wounded.
The death knight reflects your damage back at you!
You die...

##+#######
#....../.#
#........# ####
#........# .....
#.......W###......
+.......Wp@+......
#.......W###.....Z
#..(.....# .....
####'##### ....
#..# ###
#####+#####
#.........#
#.........# #
###.........#


You could see a death knight, 2 phantasmal warriors and a wraith.

Vanquished Creatures
  A two-headed ogre (D:9)
  An unseen horror (D:11)
  Pikel (D:9)
  A wolf spider zombie (D:11)
  A troll (D:10)
  A hippogriff (D:10)
  6 yaks
  A porcupine (D:8)
  2 water moccasins
  6 orc warriors
  2 ice beasts
  A sky beast (D:6)
  4 slaves (D:9)
  An eye of draining (D:11)
  A necrophage (D:9)
  2 ogres (D:8)
  3 phantoms
  4 centaurs
  2 big kobolds (D:10)
  7 bullfrogs
  3 scorpions
  7 wights
  3 howler monkeys
  5 crimson imps
  A centaur zombie (D:5)
  3 centaur skeletons
  4 hounds
  3 jellies
  7 orc priests
  An orc wizard (D:9)
  4 bullfrog skeletons
  Jessica (D:2)
  8 iguanas
  5 worker ants
  A hound zombie (D:6)
  2 hound skeletons
  Robin (D:2)
  7 adders
  3 gnolls (D:5)
  2 howler monkey skeletons
  3 shadow imps
  2 worms
  3 dart slugs
  4 leopard geckos
  46 orcs
  2 bats (D:1)
  5 giant cockroaches
  16 goblins
  5 hobgoblins
  15 jackals
  5 quokkas
  A ball python (D:3)
  10 frilled lizards
  A jackal skeleton (D:5)
  12 kobolds
  A quokka skeleton (D:4)
  12 rats
262 creatures vanquished.

Vanquished Creatures (collateral kills)
  An ice beast (D:10)
1 creature vanquished.

Vanquished Creatures (others)
  An orc priest (D:7)
1 creature vanquished.

Grand Total: 264 creatures vanquished

Notes
Turn   | Place    | Note
-------+----------+-------------------------------------------
     0 | D:1      | Destapler the Ghoul Gladiator began the quest for the Orb.
     0 | D:1      | Reached XP level 1. HP: 17/17 MP: 0/0
   222 | D:1      | Reached skill level 1 in Stealth
   222 | D:1      | Reached XP level 2. HP: 25/25 MP: 1/1
   655 | D:1      | Reached XP level 3. HP: 30/30 MP: 2/2
  1142 | D:2      | Noticed Robin
  1673 | D:2      | Killed Robin
  1673 | D:2      | Reached XP level 4. HP: 28/38 MP: 3/3
  1808 | D:2      | Noticed Jessica
  1821 | D:2      | Killed Jessica
  1929 | D:2      | Found a bloodstained altar of Trog.
  2595 | D:3      | Reached XP level 5. HP: 42/45 MP: 4/4
  3000 | D:3      | Reached XP level 6. HP: 26/52 MP: 5/5
  3289 | D:3      | Found a deep blue altar of Sif Muna.
  3426 | D:4      | Noticed a phantom
  3563 | D:4      | Found a hazy altar of Hepliaklqana.
  3584 | D:4      | Found Bofotoh's Book Shoppe.
  4202 | D:4      | Noticed a phantom
  4229 | D:4      | Killed a phantom
  4229 | D:4      | Reached XP level 7. HP: 24/59 MP: 6/6
  4492 | D:4      | Reached skill level 5 in Fighting
  4561 | D:4      | Reached skill level 5 in Stealth
  4864 | D:4      | You fall through a shaft for 3 floors!
  5041 | D:5      | Entered Level 5 of the Dungeon
  5049 | D:5      | Reached skill level 5 in Dodging
  5514 | D:5      | Found a sparkling altar of Nemelex Xobeh.
  5528 | D:5      | Reached XP level 8. HP: 37/70 MP: 7/7
  6113 | D:5      | Found a staircase to the Ecumenical Temple.
  6137 | Temple   | Entered the Ecumenical Temple
  6366 | Temple   | Became a worshipper of the Wu Jian Council
  6919 | D:5      | Found a staircase to the Ecumenical Temple.
  7162 | D:5      | Found a sparkling altar of Nemelex Xobeh.
  8356 | D:6      | Reached XP level 9. HP: 18/77 MP: 8/8
 10909 | D:7      | Reached skill level 1 in Shields
 11836 | D:8      | Got an encrusted trident
 11854 | D:8      | Identified the +4 trident "Dragon's Foe" {pierce, rElec rF+
                  | MR+ Str+3} (You found it on level 8 of the Dungeon)
 11862 | D:8      | Found a transporter.
 11879 | D:8      | Found a transporter.
 11882 | D:8      | Noticed jf82's ghost (novice MiFi)
 11882 | D:8      | Noticed a moth of wrath
 11971 | D:8      | Found a staircase to the Lair.
 11978 | D:8      | Reached skill level 1 in Polearms
 12052 | D:8      | Found a shimmering altar of Xom.
 12053 | D:8      | Found a shadowy altar of Dithmenos.
 12136 | D:8      | Reached * piety under Wu Jian
 12136 | D:8      | Reached skill level 2 in Polearms
 12154 | D:8      | Reached skill level 3 in Polearms
 12166 | D:8      | HP: 3/81 [orc warrior/+0 dire flail (6)]
 12472 | D:8      | Reached skill level 4 in Polearms
 12472 | D:8      | Reached XP level 10. HP: 24/88 MP: 9/9
 12971 | D:9      | Noticed a two-headed ogre
 13348 | D:9      | Noticed Pikel
 13367 | D:9      | Killed Pikel
 13367 | D:9      | Reached skill level 5 in Polearms
 13693 | D:9      | Reached skill level 6 in Polearms
 14035 | D:8      | HP: 2/88 [yak (10)]
 14036 | D:8      | Reached skill level 7 in Polearms
 14434 | D:9      | Killed a two-headed ogre
 14434 | D:9      | Reached skill level 8 in Polearms
 14966 | D:10     | Entered Level 10 of the Dungeon
 15021 | D:9      | Reached ** piety under Wu Jian
 15447 | D:10     | Reached skill level 9 in Polearms
 16024 | D:10     | Reached XP level 11. HP: 91/94 MP: 10/10
 16460 | D:11     | Noticed a death knight
 16460 | D:11     | Noticed a phantasmal warrior
 16460 | D:11     | Noticed a phantasmal warrior
 17089 | D:11     | Killed an unseen horror
 17089 | D:11     | Reached skill level 10 in Polearms
 17420 | D:11     | HP: 2/94 [mirror damage (15)]
 17423 | D:11     | Killed by mirror damage

Skill      XL: |  1  2  3  4  5  6  7  8  9 10 11 |
---------------+----------------------------------+-----
Stealth        | 1 2 3 4 5 7 8 |  8.1
Dodging        | 3 4 5 6 |  6.9
Fighting       | 3 4 5 7 |  7.9
Shields        | 4 |  4.0
Polearms       | 4 9 10 | 10.4
Throwing       | |  1.7
Unarmed Combat | |  3.2

Action                   |  1- 3 |  4- 6 |  7- 9 | 10-12 || total
-------------------------+-------+-------+-------+-------++-------
Melee: Unarmed           |   164 |       |    21 |     2 ||   187
       Punch             |     1 |     1 |     8 |       ||    10
       Whip              |       |   143 |   429 |       ||   572
       Trident           |       |       |    54 |   325 ||   379
Throw: Throwing net      |       |     1 |     2 |       ||     3
       Tomahawk          |       |     7 |     2 |    11 ||    20
Invok: Lunge             |       |       |    14 |    33 ||    47
       Whirlwind         |       |       |       |    35 ||    35
Evoke: Wand              |       |       |     7 |    12 ||    19
  Use: Scroll            |       |     1 |     8 |     8 ||    17
       Potion            |       |     1 |     1 |     4 ||     6
 Stab: Sleeping          |     2 |     2 |    17 |    11 ||    32
       Held in net/web   |       |       |     2 |       ||     2
       Distracted        |       |       |     1 |     2 ||     3
  Eat: Chunk             |     2 |     9 |    38 |    13 ||    62
Armor: Leather armour    |    36 |     9 |       |       ||    45
       Robe              |       |    18 |    78 |    31 ||   127
Dodge: Dodged            |   102 |    89 |   330 |   171 ||   692
Block: Buckler           |       |       |    14 |    51 ||    65
